 Dungeon Crawl Stone Soup version 0.30.0-18-gc0e69614cb (webtiles) character file.

Game seed: 9203179777437897680

1559830 JanusIIV the Skullcrusher (level 27, 201/201 HPs)
             Began as a Gargoyle Berserker on May 23, 2023.
             Was the Champion of Trog.
             Escaped with the Orb
             ... and 3 runes!
             The game lasted 02:49:17 (78787 turns).

JanusIIV the Skullcrusher (Gargoyle Berserker)     Turns: 78787, Time: 02:49:18

Health: 201/201    AC: 56    Str: 32    XL:     27
Magic:  5/20       EV: 10    Int: 11    God:    Trog [******]
Gold:   3363       SH: 39    Dex: 10    Spells: 26/26 levels left

rFire   + + .        X - +9 demon whip (freeze)
rCold   + . .        h - +10 tower shield of Ignorance {rN+ Int-4}
rNeg    + + .        t - +2 gold dragon scales of Unambiguity {rElec rPois rF+ rC+ rCorr SInv}
rPois   ∞            i - +1 hat "Gytiah" {rF- Regen+ Dex+2 Slay+2}
rElec   +            q - scarf {rC+ rF+}
rCorr   +            H - +3 Mad Mage's Maulers {Infuse+∞ VampMP -Cast}
SInv    +            r - +2 pair of boots
Will    ++++.        D - amulet "Kaho" {Reflect rPois Int+3 SH+5} Stlth
                     Q - ring of willpower
HPRegen 1.33/turn    a - ring "Zoluplad" {Will+ SInv}
MPRegen 0.17/turn

%: no spellcasting, reflection, infuse magic (5 MP)
@: flying
A: sickness immunity, AC +20, big wings, negative energy resistance 1,
electricity resistance, torment resistance 1, petrification resistance,
iridescent scales 1, clever 1, fire resistance 1, low MP 1, passive freeze,
robust 1, weak 1, cold vulnerability 1, subdued magic 1, devolution 1
0: Orb of Zot
}: 3/15 runes: barnacled, silver, gossamer
a: Renounce Religion, Berserk, Trog's Hand, Brothers in Arms


You escaped.
You worshipped Trog.
Trog was exalted by your worship.
You visited 8 branches of the dungeon, and saw 44 of its levels.
You visited the Abyss 1 time.
You also visited: Bailey, Gauntlet and Ice Cave.

You collected 5822 gold pieces.
You spent 2459 gold pieces at shops.

Inventory:

Hand Weapons
 X - a +9 demon whip of freezing (weapon)
 Y - a +9 demon whip of flaming
Armour
 h - the +10 tower shield of Ignorance (worn) {rN+ Int-4}
   (You acquired it on level 1 of the Lair of Beasts)

   Int:       It affects your intelligence (-4).
   rN:        It protects you from negative energy.
 i - the +1 hat "Gytiah" (worn) {rF- Regen+ Dex+2 Slay+2}
   (You found it in a Gauntlet)

   Dex:       It affects your dexterity (+2).
   Slay:      It affects your accuracy & damage with ranged weapons and melee
   (+2).
   rF:        It makes you vulnerable to fire.
   Regen:     It increases your rate of health regeneration.
 q - a scarf of resistance (worn)
 r - a +2 pair of boots (worn)
 t - the +2 gold dragon scales of Unambiguity (worn) {rElec rPois rF+ rC+ rCorr SInv}
   (You took it off a minotaur in a Gauntlet)

   rF:        It protects you from fire.
   rC:        It protects you from cold.
   rElec:     It insulates you from electricity.
   rPois:     It protects you from poison.
   SInv:      It lets you see invisible.
   rCorr:     It protects you from acid and corrosion.
 H - the +3 Mad Mage's Maulers (worn) {Infuse+∞ VampMP -Cast}
   (You acquired it on level 14 of the Dungeon)

   Infuse+∞: It empowers its wearer's blows with all of their magic.
   VampMP:    Blows struck in melee replenish the wearer's magic.
   -Cast:     It prevents spellcasting.
 J - a +2 hat of intelligence
Jewellery
 a - the ring "Zoluplad" (right hand) {Will+ SInv}
   (You acquired it on level 1 of the Lair of Beasts)

   [ring of see invisible]

   SInv:      It lets you see invisible.
   Will:      It increases your willpower.
 c - a ring of protection from cold
 e - the ring of Levity {Drain rF++ rCorr Int+6}
   (You bought it in a shop on level 2 of the Vaults)

   [ring of intelligence]

   Int:       It affects your intelligence (+6).
   rF:        It greatly protects you from fire.
   rCorr:     It protects you from acid and corrosion.
   Drain:     It drains your maximum health when unequipped.
 v - a ring of positive energy
 z - the amulet "Modeqa" {rC+ Regen+}
   (You found it on level 5 of the Lair of Beasts)

   [amulet of regeneration]

   rC:        It protects you from cold.
   Regen:     It increases your rate of health regeneration.
 D - the amulet "Kaho" (around neck) {Reflect rPois Int+3 SH+5}
   (You bought it in a shop on level 2 of the Dungeon)

   [amulet of reflection]

   It reflects blocked missile attacks.
   Int:       It affects your intelligence (+3).
   rPois:     It protects you from poison.
   SH:        It affects your SH (+5).
 Q - a ring of willpower (left hand)
Wands
 k - a wand of mindburst (4)
 p - a wand of iceblast (16)
 B - a wand of paralysis (31)
 F - a wand of quicksilver (10)
 G - a wand of polymorph (24)
 O - a wand of digging (6)
 R - a wand of flame (61)
Scrolls
 b - 7 scrolls of immolation
 d - 24 scrolls of teleportation
 f - 5 scrolls of fog
 g - 2 scrolls of noise
 j - a scroll of enchant armour
 o - 4 scrolls of blinking
 x - 7 scrolls of magic mapping
 y - 2 scrolls of poison
 A - a scroll of fear
 I - 5 scrolls of silence
Potions
 m - 8 potions of haste
 n - 9 potions of curing
 s - 8 potions of might
 w - 2 potions of mutation
 E - 3 potions of berserk rage
 K - 4 potions of invisibility
 N - 3 potions of resistance
 T - 3 potions of magic
 V - 8 potions of ambrosia
Miscellaneous
 l - a lightning rod (1/4)
 L - a tin of tremorstones (inert)
 S - a phantom mirror


   Skills:
 + Level 21.4 Fighting
 O Level 27 Maces & Flails
 - Level 18.0 Armour
 - Level 12.0 Dodging
 O Level 27 Shields
 + Level 12.7 Evocations


You had 26 spell levels left.
You didn't know any spells.
Your spell library was empty.

Dungeon Overview and Level Annotations

Branches:
Dungeon (15/15)            Temple (0/1) D:4            Lair (5/5) D:9
 Shoals (4/4) Lair:3       Spider (4/4) Lair:3        Slime (0/5) Lair:4
    Orc (2/2) D:10            Elf (0/3) Orc:2        Vaults (5/5) D:13
  Crypt (0/3) Vaults:2     Depths (4/4) D:15            Zot (5/5) Depths:4
 Bailey (visited)           IceCv (visited)         Gauntlet (visited)

Altars:
Ashenzari
Elyvilon
Gozag
Hepliaklqana
Makhleb
Qazlal
Sif Muna
Trog
Vehumet
Xom
The Shining One
Jiyva

Shops:
D:2 =   D:9 (   Orc:1 *   Orc:2 *[![!   Shoals:2 [   Vaults:2 *   Vaults:3 [
Vaults:5 [   Depths:1 :*   Depths:3 *

Portals:
Hell: Depths:1 Depths:2 Depths:3 Depths:4
Abyss: D:7 Depths:3
Pandemonium: Depths:1 Depths:2
Ziggurat: Depths:3

Annotations:
D:7 2 transporters, AverageBear's ghost, novice HOMo
Lair:5 2 transporters, Tutraar's ghost, journeyman DsGl
Vaults:3 Margery
Zot:3 3 runed translucent doors, Uneer's ghost, legendary GnFE


Innate Abilities, Weirdness & Mutations

You are immune to sickness and miasma.
Your stone body is resilient. (AC +20)
You are immune to poison.
Your large and strong wings let you fly.
You resist negative energy. (rN+)
You are resistant to electric shocks. (rElec)
You are resistant to unholy torment.
You are immune to petrification.
You are partially covered in iridescent scales. (AC +2)
Your mind is acute. (Int +4, Str/Dex -1)
Your flesh is heat resistant. (rF+)
Your magical capacity is low. (-10% MP)
A frigid envelope surrounds you and freezes all who hurt you.
You are robust. (+10% HP)
You are weak. (Str -2)
You are vulnerable to cold. (rC-)
Your spells are a little easier to cast, but a little less powerful.
You have hidden genetic defects.


Message History

There is a stone staircase leading down here.
There is a stone staircase leading up here.
You fly upwards.
Level annotation: 2 transporters, AverageBear's ghost, novice HOMo
There is a stone staircase leading down here.
There is an open door here.
You see here a +0 helmet.
There is a large open door here.
There is a large open door here.
There is an open door here.
There is a stone staircase leading up here.
You fly upwards.
There is a stone staircase leading down here.
There is a stone staircase leading up here.
You fly upwards.
Magic restored.
There is a stone staircase leading down here.
There is a stone staircase leading up here.
You fly upwards.
There is a stone staircase leading down here.
There is a stone staircase leading up here.
You fly upwards.
There is a stone staircase leading down here.
There is a stone staircase leading up here.
You fly upwards.
There is a stone staircase leading down here.
There is a stone staircase leading up here.
You fly upwards.
There is a stone staircase leading down here.
A sixfirhy comes into view.
You block the sixfirhy's attack.
The sixfirhy hits you but does no damage.
The sixfirhy is very cold.
The sixfirhy is moderately wounded.
You block the sixfirhy's attack.
You thrash the sixfirhy!! You freeze the sixfirhy.
You kill the sixfirhy!
Trog accepts your kill.
No target in view!
There is a staircase leading out of the dungeon here.
You have escaped!

......†.........#.###..........#.
[#.######..##..........#.#.#.###.
...# #..##..........#.#.#.###.
...# #..##..........#.#.#.##..
.#.# #..##.....♣........#.....
##.# #..##....8...............
##.# #..##..........##..~~~~~.
...# #..##..........##..~≈≈≈~.
#.## #.###...@......##..~≈≈≈~.
#.#######.# #..............~~≈≈≈.
#......##.# ##...########........
..........####.##### ##..~~~~..
...................# #...≈≈≈~.~
...###.#######.###.# #...≈≈≈~.~
.......# #.###.#####...≈≈≈~.~
...##### #.............~≈~~)~
...# #####.######........


There were no monsters in sight!

Vanquished Creatures
  2 ancient liches (Zot:5)
  8 orbs of fire (Zot:5)
  A juggernaut (Depths:4)
  Mara (Vaults:3)
  6 Killer Klowns (Zot:5)
  Frederick (Vaults:3)
  A curse toe (Zot:4)
  Saint Roka (Orc:1)
  A caustic shrike (Depths:1)
  Xtahua (Depths:3)
  13 golden dragons
  A bone dragon (Depths:4)
  Arachne (Spider:2)
  A shard shrike zombie (Abyss:3)
  6 electric golems
  21 tentacled monstrosities
  Jorgrun (D:14)
  Asterion (Spider:1)
  4 titans
  26 Orb Guardians
  3 liches
  11 quicksilver dragons
  Frances (Shoals:1)
  A kraken (Shoals:4)
  Polyphemus (Shoals:4)
  Gastronok (D:9)
  9 death cobs
  10 sphinxes
  Kirke (D:12)
  8 shadow dragons
  Roxanne (D:14)
  8 draconian monks
  10 tengu reavers
  16 storm dragons
  Agnes (Lair:3)
  A shadow dragon (shapeshifter) (Vaults:4)
  7 frost giants
  A deep elf sorcerer (Vaults:5)
  14 vault wardens
  8 draconian knights
  An iron dragon (Vaults:5)
  8 fire giants
  Louise (Spider:4)
  6 draconian scorchers
  3 balrugs (Zot:3)
  8 ghost moths
  An orc warlord (Orc:1)
  A caustic shrike zombie (Abyss:3)
  A spriggan defender (Depths:4)
  3 emperor scorpions
  12 draconian shifters
  4 draconian stormcallers
  6 draconian annihilators
  A cacodemon (D:9)
  A curse skull (Vaults:2)
  22 ironbound preservers
  A reaper (IceCv)
  26 very ugly things
  4 broodmothers (Spider:2)
  5 ironbound thunderhulks
  A deep elf demonologist (Vaults:5)
  3 war gargoyles
  9 stone giants
  2 vampire knights (Depths:2)
  Nessos (D:12)
  12 green draconians
  15 white draconians
  6 spark wasps
  12 yellow draconians
  9 red draconians
  18 dire elephants
  A purple draconian (shapeshifter) (Zot:3)
  21 black draconians
  19 purple draconians
  A minotaur (Gauntlet)
  A minotaur (shapeshifter) (Zot:2)
  8 fire dragons
  10 ettins
  A blizzard demon (Depths:2)
  7 merfolk javelineers
  3 deep elf death magi
  Josephine (D:14)
  5 merfolk impalers
  21 crystal guardians
  5 entropy weavers
  7 yaktaur captains
  5 deep elf high priests (Vaults:5)
  3 jiangshi (Depths:3)
  10 great orbs of eyes
  9 hydras
  4 peacekeepers
  7 rakshasas
  2 hell beasts
  5 spriggan air magi
  5 centaur warriors
  An ogre mage (Vaults:5)
  10 ice dragons
  6 ironbound frosthearts
  A merfolk avatar (Shoals:4)
  5 radroaches
  27 vault guards
  2 satyrs
  3 merfolk aquamancers
  Erica (D:11)
  8 boulder beetles
  3 catoblepae
  A death knight (Zot:3)
  4 dancing weapons
  An alligator snapping turtle (Shoals:3)
  8 two-headed ogres
  4 death yaks (Shoals:4)
  2 deep troll shamans
  A titan zombie (Vaults:2)
  5 orc high priests (Orc:2)
  A death yak (shapeshifter) (Zot:3)
  4 spriggan berserkers
  4 tengu warriors
  5 deep troll earth magi
  2 vampire magi
  Sonja (D:10)
  A deep elf knight (Vaults:5)
  2 sun demons (Depths:1)
  A wretched star (Spider:4)
  A soul eater (Vaults:2)
  2 shadow wraiths (Vaults:1)
  Amaemon (Lair:3)
  4 hell knights (Depths:3)
  A titan skeleton (D:15)
  3 iron trolls
  2 skysharks (Shoals:2)
  A sun moth (Spider:2)
  8 sea snakes
  6 sixfirhies
  18 skeletal warriors
  63 deep trolls
  4 pharaoh ants
  8 orb spiders
  A flayed ghost (D:15)
  A swamp dragon (Lair:5)
  5 glowing orange brains
  5 wizards
  A golden dragon skeleton (Depths:1)
  5 necromancers
  6 phantasmal warriors
  3 lindwurms
  A tengu zombie (D:15)
  16 ironbound convokers
  10 steelbarb worms
  An orange crystal statue (Depths:3)
  7 orc knights
  2 deep elf pyromancers
  15 harpies
  5 cyclopes
  A wolf spider (shapeshifter) (Vaults:5)
  39 ugly things
  A sphinx zombie (D:15)
  13 wolf spiders
  2 deep elf zephyrmancers (Vaults:5)
  A fire giant zombie (Depths:1)
  2 stone giant zombies
  10 fauns
  A manticore (shapeshifter) (Depths:3)
  An orc sorcerer (Orc:2)
  15 manticores
  A fire giant skeleton (Vaults:1)
  Maurice (D:12)
  4 black mambas
  28 moths of wrath
  2 ice statues (IceCv)
  8 merfolk sirens
  An eye of devastation (shapeshifter) (Vaults:5)
  3 guardian serpents (Zot:3)
  11 torpor snails
  2 smoke demons
  5 gargoyles
  8 water nymphs
  2 orange demons
  4 elephants (Lair:3)
  13 vault sentinels
  9 demonic crawlers
  9 cane toads
  5 rime drakes
  A komodo dragon (shapeshifter) (D:15)
  25 yaktaurs
  2 unseen horrors
  10 komodo dragons
  A human zombie (Vaults:1)
  2 guardian mummies (D:15)
  9 ice devils
  4 kobold demonologists
  2 tengu conjurers (D:15)
  2 freezing wraiths
  3 anaconda simulacra (IceCv)
  9 meliai
  31 merfolk
  A red devil (Depths:2)
  4 tyrant leeches (Lair:5)
  8 trolls
  4 harpy zombies (Zot:3)
  12 hornets
  5 polar bears
  Grinder (D:3)
  20 tarantellas
  12 blink frogs
  Prince Ribbit (D:6)
  4 dream sheep (Shoals:1)
  5 wind drakes
  18 raiju
  7 snapping turtles
  14 slime creatures
  A spriggan skeleton (Depths:1)
  14 water elementals
  28 culicivoras
  5 dire elephant simulacra (IceCv)
  9 wyverns
  A ynoxinul (Abyss:3)
  20 jumping spiders
  9 wraiths
  3 centaur simulacra
  2 spriggans
  A small abomination (Abyss:3)
  A vampire (D:12)
  Eustachio (D:6)
  3 basilisks
  Menkaure (D:6)
  62 yaks
  49 redbacks
  A neqoxec (Depths:2)
  4 steam dragons
  A yaktaur simulacrum (Vaults:2)
  5 vampire mosquitoes
  Grum (D:10)
  A death yak simulacrum (IceCv)
  A warg (Vaults:5)
  A harpy simulacrum (IceCv)
  Edmund (D:6)
  4 acid dragons
  A hydra simulacrum (IceCv)
  A floating eye (Depths:2)
  3 hell hounds
  14 water moccasins
  A floating eye (shapeshifter) (Vaults:5)
  A glowing shapeshifter skeleton (Vaults:1)
  A swamp drake (shapeshifter) (Vaults:5)
  3 ice beasts
  46 orc warriors
  A swamp drake (Lair:5)
  2 black bears
  11 boggarts
  9 ogres
  20 wolves
  A human skeleton (Vaults:1)
  4 centaurs
  3 phantoms (D:10)
  Blork the orc (D:5)
  A kobold brigand (D:12)
  6 bullfrogs
  3 scorpions
  2 cane toad simulacra
  5 gnoll sergeants
  8 wights (D:8)
  A troll zombie (D:10)
  An elephant simulacrum (IceCv)
  14 killer bees
  An electric eel (Lair:2)
  A howler monkey (shapeshifter) (Vaults:5)
  A howler monkey (D:4)
  2 crimson imps (Gauntlet)
  2 jellies
  A gnoll bouda (D:7)
  3 hounds
  33 orc priests
  2 sleepcaps
  5 iguanas
  18 orc wizards
  5 lightning spires (Zot:1)
  6 ogre zombies
  Robin (D:2)
  24 gnolls
  2 naga simulacra (IceCv)
  7 adders
  A shadow imp (D:7)
  2 worms (D:5)
  5 dart slugs
  73 orcs
  6 endoplasms
  3 giant cockroaches
  18 goblins
  8 hobgoblins
  4 jackals (D:1)
  3 quokkas
  5 ball pythons
  4 bats
  3 frilled lizards
  3 goblin skeletons (D:10)
  4 goblin zombies (D:10)
  A hobgoblin skeleton (D:10)
  2 hobgoblin zombies (D:10)
  10 kobolds
  An orc skeleton (D:10)
  8 orc zombies (D:10)
  7 rats
  A butterfly (Zot:3)
  A spectral weapon (Spider:1)
  4 tentacles (Shoals:4)
1999 creatures vanquished.

Vanquished Creatures (collateral kills)
  A very ugly thing (Vaults:4)
  A draconian annihilator (Zot:5)
  An ironbound preserver (Vaults:1)
  A red draconian (Zot:3)
  A vault guard (Vaults:5)
  2 ironbound frosthearts (Vaults:4)
  Urug (D:10)
  A hell knight (Vaults:3)
  3 deep trolls
  3 ironbound convokers (Vaults:4)
  A harpy (Vaults:3)
  A stone giant zombie (Vaults:2)
  A human skeleton (Vaults:2)
  A yaktaur (Vaults:4)
  A goblin (D:3)
20 creatures vanquished.

Vanquished Creatures (others)
  A quicksilver dragon (Zot:2)
  A draconian shifter (Zot:1)
  A ghost moth (Zot:1)
  A black draconian (Zot:1)
  A thrashing horror (Abyss:3)
  A shock serpent (Zot:1)
  A hell knight (Depths:3)
  A torpor snail (Spider:4)
  4 humans (D:12)
  2 boggarts (Zot:3)
  3 iguanas (Lair:5)
  An orc wizard (D:7)
  5 ball lightnings (Zot:1)
  4 spectral weapons
  9 tentacles (Shoals:4)
36 creatures vanquished.

Grand Total: 2055 creatures vanquished

Notes
Turn   | Place    | Note
-------+----------+-------------------------------------------
     0 | D:1      | JanusIIV the Gargoyle Berserker began the quest for the
                  | Orb.
     0 | D:1      | Reached XP level 1. HP: 14/14 MP: 1/1
   103 | D:1      | Reached XP level 2. HP: 9/19 MP: 2/2
   696 | D:1      | Reached XP level 3. HP: 24/24 MP: 3/3
   812 | D:1      | Found a faded altar of an unknown god.
   819 | D:1      | Reached ** piety under Trog
  1074 | D:2      | Noticed Robin
  1110 | D:2      | Reached XP level 4. HP: 18/29 MP: 4/4
  1136 | D:2      | Killed Robin
  1249 | D:2      | Found a stormy altar of Qazlal.
  1490 | D:2      | Found Vimpeig's Jewellery Shoppe.
  1869 | D:3      | Reached XP level 5. HP: 33/34 MP: 5/5
  1979 | D:3      | Noticed Grinder
  1985 | D:3      | Paralysed by Grinder for 3 turns
  1992 | D:3      | Killed Grinder
  1993 | D:3      | Reached skill level 5 in Fighting
  1993 | D:3      | Reached XP level 6. HP: 10/40 MP: 6/6
  2000 | D:3      | Reached *** piety under Trog
  2845 | D:4      | Reached XP level 7. HP: 40/44 MP: 7/7
  2937 | D:4      | Found a staircase to the Ecumenical Temple.
  3003 | D:4      | Identified the +5 dagger "Esups" {heavy, rF- Str+3 Int+4
                  | SInv}
  3331 | D:5      | Entered Level 5 of the Dungeon
  3786 | D:5      | Reached XP level 8. HP: 51/51 MP: 8/8
  3899 | D:5      | Noticed Blork the orc
  3916 | D:5      | Killed Blork the orc
  4257 | D:6      | Noticed an unseen horror
  4269 | D:6      | Killed an unseen horror
  4584 | D:6      | Noticed Eustachio
  4604 | D:6      | Killed Eustachio
  4638 | D:6      | Noticed Edmund
  4654 | D:6      | Killed Edmund
  4671 | D:6      | Reached skill level 10 in Maces & Flails
  4671 | D:6      | Reached XP level 9. HP: 57/57 MP: 9/9
  4691 | D:6      | Noticed Prince Ribbit
  4698 | D:6      | Killed Prince Ribbit
  4722 | D:6      | Found a radiant altar of Vehumet.
  4722 | D:6      | Noticed Menkaure
  4734 | D:6      | Killed Menkaure
  4898 | D:6      | Reached **** piety under Trog
  5084 | D:7      | Reached skill level 5 in Armour
  5393 | D:7      | Found a transporter.
  5436 | D:7      | Found a glowing golden altar of the Shining One.
  5446 | D:7      | Found a shimmering altar of Xom.
  5700 | D:7      | Found a transporter.
  5717 | D:7      | Found a one-way gate to the infinite horrors of the Abyss.
  5717 | D:7      | Noticed AverageBear's ghost (novice HOMo)
  5871 | D:8      | Reached XP level 10. HP: 53/64 MP: 10/10
  5995 | D:8      | Reached skill level 1 in Shields
  6072 | D:8      | Found a stormy altar of Qazlal.
  6310 | D:8      | Noticed a two-headed ogre
  6323 | D:8      | Killed a two-headed ogre
  6950 | D:9      | Noticed Gastronok
  6970 | D:9      | Killed Gastronok
  7066 | D:9      | Reached XP level 11. HP: 42/68 MP: 11/11
  7104 | D:9      | Found a staircase to the Lair.
  7147 | D:9      | Noticed a two-headed ogre
  7163 | D:9      | Killed a two-headed ogre
  7256 | D:9      | Reached ***** piety under Trog
  7364 | D:9      | Reached skill level 5 in Shields
  7408 | D:9      | Found a broken altar of Ashenzari.
  7415 | D:9      | Found a white marble altar of Elyvilon.
  7539 | D:9      | Found Zoqaxtaf's Weapon Boutique.
  7568 | D:9      | Found a large runed translucent door.
  7569 | D:9      | Found a large runed translucent door.
  7759 | D:9      | Found a hazy altar of Hepliaklqana.
  7772 | D:9      | Found a burning altar of Makhleb.
  7822 | D:10     | Entered Level 10 of the Dungeon
  7822 | D:10     | Noticed Urug
  7830 | D:10     | Killed Urug
  7963 | D:10     | Found a flagged portal.
  8000 | D:10     | Noticed Grum
  8031 | D:10     | Killed Grum
  8067 | Bailey   | Entered a bailey
  8171 | Bailey   | Noticed an orc knight
  8241 | D:10     | Identified the +5 long sword "Suizitt" {vamp, +Blink Fly
                  | Str-3 Dex+5}
  8352 | D:9      | Reached XP level 12. HP: 73/73 MP: 12/12
  8459 | D:10     | Noticed Sonja
  8465 | D:10     | Killed Sonja
  8724 | D:10     | Found a staircase to the Orcish Mines.
  9052 | Lair:1   | Entered Level 1 of the Lair of Beasts
  9379 | Lair:1   | Identified the +0 battleaxe "Olab" {drain, rF+ Will+ SInv}
  9876 | Lair:2   | Noticed a seven-headed hydra
  9885 | Lair:2   | Killed a seven-headed hydra
 10061 | Lair:2   | Reached skill level 15 in Maces & Flails
 10288 | Lair:2   | Noticed a catoblepas
 10302 | Lair:2   | Killed a catoblepas
 10986 | Lair:3   | Noticed a five-headed hydra
 10998 | Lair:3   | Killed a five-headed hydra
 10999 | Lair:3   | Reached skill level 10 in Armour
 10999 | Lair:3   | Reached XP level 13. HP: 53/82 MP: 13/13
 11049 | Lair:3   | Reached skill level 10 in Fighting
 11049 | Lair:3   | Found a staircase to the Shoals.
 11184 | Lair:3   | Received a gift from Trog
 11351 | Lair:3   | Found a hole to the Spider Nest.
 11357 | Lair:3   | Noticed Amaemon
 11373 | Lair:3   | Killed Amaemon
 12313 | Lair:4   | You fall into a shaft and drop 1 floor!
 12313 | Lair:5   | Entered Level 5 of the Lair of Beasts
 12387 | Lair:5   | Reached ****** piety under Trog
 12509 | Lair:4   | Found a gate leading to a gauntlet.
 12520 | Gauntlet | Entered a Gauntlet
 12520 | Gauntlet | Found a transporter.
 12520 | Gauntlet | Found a transporter.
 12520 | Gauntlet | Found a transporter.
 12540 | Gauntlet | Found a transporter.
 12552 | Gauntlet | Found a transporter.
 12554 | Gauntlet | Found a transporter.
 12568 | Gauntlet | Found a transporter.
 12585 | Gauntlet | Found a transporter.
 12602 | Gauntlet | Found a transporter.
 12606 | Gauntlet | Found a transporter.
 12616 | Gauntlet | Found a transporter.
 12620 | Gauntlet | Found a transporter.
 12757 | Gauntlet | Gained mutation: Your large and strong wings let you fly.
                  | [Gargoyle growth]
 12757 | Gauntlet | Reached XP level 14. HP: 75/88 MP: 14/14
 12844 | Gauntlet | Identified the +1 hat "Gytiah" {rF- Regen+ Dex+2 Slay+2}
 12875 | Gauntlet | Identified the +2 gold dragon scales of Unambiguity {rElec
                  | rPois rF+ rC+ rCorr SInv}
 12890 | Gauntlet | Identified the +0 tower shield "Syuha" {Dex+2}
 12890 | Gauntlet | Identified the +3 ring mail of Resilience {Int+3}
 13100 | Lair:4   | Found a staircase to the Slime Pits.
 13112 | Lair:4   | Found a viscous altar of Jiyva.
 13121 | Lair:4   | Received a gift from Trog
 13701 | Lair:1   | Identified a scroll of acquirement
 13701 | Lair:1   | Acquired the ring "Zoluplad" {Will+ SInv}
 13853 | D:11     | Identified the +7 quarterstaff "Ykuib" {flame, +Blink
                  | Will++}
 14282 | D:11     | Noticed Erica
 14286 | D:11     | Killed Erica
 14511 | D:12     | Noticed Nessos
 14527 | D:12     | Killed Nessos
 14787 | D:12     | Reached skill level 10 in Shields
 14977 | D:12     | Noticed Kirke
 14993 | D:12     | Killed Kirke
 15373 | D:12     | Noticed Maurice
 15378 | D:12     | Killed Maurice
 15515 | D:12     | Identified the ring "Beiges" {Fly Int+2}
 15627 | D:13     | Found a stormy altar of Qazlal.
 16141 | D:13     | Found a gate to the Vaults.
 16148 | D:13     | Reached XP level 15. HP: 91/96 MP: 15/15
 16842 | D:2      | Bought the amulet "Kaho" {Reflect rPois Int+3 SH+5} for 665
                  | gold pieces
 17187 | D:14     | Acquired the +3 Mad Mage's Maulers {Infuse+∞ VampMP -Cast}
 17187 | D:14     | Found the +3 Mad Mage's Maulers {Infuse+∞ VampMP -Cast}
 17211 | D:14     | Noticed Josephine
 17214 | D:14     | Killed Josephine
 17404 | D:14     | Noticed Jorgrun
 17416 | D:14     | Killed Jorgrun
 17416 | D:14     | Received a gift from Trog
 17729 | D:14     | Noticed Roxanne
 17738 | D:14     | Killed Roxanne
 18090 | D:15     | Entered Level 15 of the Dungeon
 18254 | D:15     | Found a staircase to the Depths.
 18616 | D:15     | Found an opulent altar of Gozag.
 19565 | Lair:5   | Found a transporter.
 19579 | Lair:5   | Noticed Tutraar's ghost (journeyman DsGl)
 19584 | Lair:5   | Found a transporter.
 19988 | Lair:5   | Found a bloodstained altar of Trog.
 20013 | Lair:5   | Identified the +3 spear of the Shouting Seer {flame, Fly
                  | rCorr Int+3 Dex-4}
 20387 | Lair:5   | Reached XP level 16. HP: 74/104 MP: 1/16
 20715 | Lair:5   | Identified the amulet "Modeqa" {rC+ Regen+}
 21088 | Lair:5   | Found a runed translucent door.
 21217 | Lair:5   | Received a gift from Trog
 21877 | Orc:1    | Entered Level 1 of the Orcish Mines
 21907 | Orc:1    | Found Qeeg's Assorted Antiques.
 22018 | Orc:1    | Bought a scroll labelled HENTUDW TOHIPP for 27 gold pieces
 22030 | Orc:1    | Found a frozen archway.
 22039 | IceCv    | Entered an ice cave
 22870 | IceCv    | Reached skill level 15 in Shields
 23600 | Orc:2    | Entered Level 2 of the Orcish Mines
 23604 | Orc:2    | Found a staircase to the Elven Halls.
 23621 | Orc:2    | Noticed Saint Roka
 24088 | Orc:1    | Killed Saint Roka
 24605 | Orc:2    | Found Dituonn's Distillery.
 24842 | Orc:2    | Received a gift from Trog
 25623 | Orc:2    | Found Qauhuusch's Armour Boutique.
 25623 | Orc:2    | Found Ladoat's Distillery.
 25624 | Orc:2    | Found Voidol's Antique Armour Shop.
 25624 | Orc:2    | Found Etzyitehi's Assorted Antiques.
 25636 | Orc:2    | Bought a phantom mirror for 1000 gold pieces
 25636 | Orc:2    | Bought a potion of haste for 250 gold pieces
 25793 | Orc:2    | Bought a potion of haste for 140 gold pieces
 25793 | Orc:2    | Bought a potion of heal wounds for 70 gold pieces
 25793 | Orc:2    | Bought a potion of might for 56 gold pieces
 25793 | Orc:2    | Bought a potion of curing for 42 gold pieces
 25793 | Orc:2    | Bought 2 potions of curing for 84 gold pieces
 25944 | Shoals:1 | Entered Level 1 of the Shoals
 26408 | Shoals:1 | Reached skill level 1 in Evocations
 26873 | Shoals:1 | Received a gift from Trog
 27009 | Shoals:1 | Noticed Frances
 27015 | Shoals:1 | Killed Frances
 27455 | Lair:1   | Acquired a manual of Armour
 27566 | Shoals:2 | Found Ysaron's Armour Shoppe.
 28232 | Shoals:2 | Reached XP level 17. HP: 101/111 MP: 17/17
 28805 | Shoals:2 | Received a gift from Trog
 29539 | Shoals:3 | Reached skill level 5 in Evocations
 30485 | Shoals:4 | Entered Level 4 of the Shoals
 30697 | Shoals:4 | Identified the +1 glaive of Trial by Ordeal {flame, rElec
                  | rN+ rCorr Stlth+}
 31290 | Shoals:4 | Noticed Polyphemus
 31299 | Shoals:4 | Killed Polyphemus
 31372 | Shoals:4 | Identified the +2 short sword of Xyvoi {flame, rN+ Dex+3}
                  | (Trog gifted it to you on level 4 of the Shoals)
 31372 | Shoals:4 | Received a gift from Trog
 32179 | Shoals:4 | Noticed a kraken
 32239 | Shoals:4 | Killed a kraken
 32641 | Shoals:4 | Got a barnacled rune of Zot
 33012 | Shoals:4 | Identified the staff of conjuration "Nano Uciwna" {Stlth+}
 33266 | Spider:1 | Entered Level 1 of the Spider Nest
 33268 | Spider:1 | Noticed Asterion
 33275 | Spider:1 | Noticed Agnes
 33505 | Lair:3   | Killed Agnes
 33633 | Spider:1 | Killed Asterion
 33654 | Spider:1 | Reached XP level 18. HP: 116/116 MP: 1/18
 34233 | Spider:1 | Received a gift from Trog
 36721 | Spider:3 | Noticed Arachne
 37225 | Spider:2 | Killed Arachne
 37344 | Spider:3 | Received a gift from Trog
 37797 | Spider:3 | Identified the +6 morningstar of Extinguishment {heavy,
                  | rElec}
 38044 | Spider:4 | Entered Level 4 of the Spider Nest
 39063 | Spider:4 | Reached XP level 19. HP: 119/121 MP: 1/19
 39401 | Spider:4 | Noticed Louise
 39421 | Abyss:3  | Cast into level 3 of the Abyss (Louise)
 39537 | Spider:4 | Escaped the Abyss
 39553 | Spider:4 | Received a gift from Trog
 39667 | Spider:4 | Killed Louise
 39988 | Spider:4 | Got a gossamer rune of Zot
 40015 | Spider:4 | Identified the orb of Resilience {light, Int+3}
 40281 | Lair:1   | Reached XP level 20. HP: 114/114 MP: 18/18
 40387 | Vaults:1 | Entered Level 1 of the Vaults
 41716 | Vaults:1 | Received a gift from Trog
 42197 | Vaults:1 | You are sucked into a shaft and drop 1 floor!
 42438 | Vaults:2 | Found Noel's Assorted Antiques.
 42444 | Vaults:2 | Bought a flickering golden ring for 125 gold pieces
 42444 | Vaults:2 | Identified the ring of Levity {Drain rF++ rCorr Int+6} (You
                  | bought it in a shop on level 2 of the Vaults)
 42992 | Vaults:2 | Found a staircase to the Crypt.
 43849 | Vaults:3 | Reached XP level 21. HP: 132/132 MP: 21/21
 43856 | Vaults:3 | Identified the +5 morningstar of Uttin {flame, Str+2 Int-5
                  | Dex+7} (Trog gifted it to you on level 3 of the Vaults)
 43856 | Vaults:3 | Received a gift from Trog
 44613 | Vaults:3 | Noticed Frederick
 44623 | Vaults:3 | Killed Frederick
 44790 | Vaults:3 | Reached skill level 27 in Maces & Flails
 45101 | Vaults:3 | Reached skill level 5 in Dodging
 45391 | Vaults:3 | Noticed Mara
 45396 | Vaults:3 | Noticed JanusIIV's illusion
 45686 | Vaults:3 | Noticed Margery
 45931 | Vaults:3 | Killed Mara
 46473 | Vaults:3 | Found Ampoaheq's Antique Armour Shop.
 47064 | Vaults:4 | Received a gift from Trog
 47554 | Vaults:4 | Reached skill level 15 in Armour
 47680 | Vaults:4 | an iron giant changed into a caustic shrike
 47680 | Vaults:4 | Noticed a caustic shrike (glowing shapeshifter)
 47681 | Vaults:4 | a caustic shrike changed into an acid blob
 47949 | Vaults:4 | Reached XP level 22. HP: 137/137 MP: 1/22
 47966 | Vaults:4 | Received a gift from Trog
 49346 | Vaults:4 | Identified the -1 helmet of Pragmatism {Dex+4}
 49464 | Vaults:5 | Entered Level 5 of the Vaults
 49471 | Vaults:5 | Reached skill level 10 in Dodging
 49693 | Vaults:5 | Reached skill level 15 in Fighting
 49694 | Vaults:5 | Noticed a golden dragon
 49698 | Vaults:5 | Received a gift from Trog
 49726 | Vaults:4 | Killed a golden dragon
 49893 | Vaults:5 | Noticed a golden dragon
 49900 | Vaults:5 | Killed a golden dragon
 49916 | Vaults:5 | Identified the ring "Ruagool" {rElec rCorr Str+3}
 50154 | Vaults:5 | Got a silver rune of Zot
 50347 | Vaults:5 | Identified the +1 cloak "Hafapp" {Str+4 Dex+2}
 50372 | Vaults:5 | Identified the +7 broad axe "Zailagas" {flame, Str+5}
 50377 | Vaults:5 | Identified the +5 falchion "Oshrar" {venom, rF+ Str+4
                  | Int-3}
 50545 | Vaults:5 | Identified the staff of earth "Dufyot" {*Corrode rPois rC-
                  | Dex+8}
 51579 | Vaults:5 | Reached XP level 23. HP: 140/147 MP: 0/23
 51774 | Vaults:5 | Received a gift from Trog
 52519 | Vaults:5 | Found Qodif's Armour Shoppe.
 53357 | Depths:1 | Entered Level 1 of the Depths
 53360 | Depths:1 | Noticed a caustic shrike
 53381 | Depths:1 | Killed a caustic shrike
 53741 | Depths:1 | Received a gift from Trog
 53847 | Depths:1 | Noticed a golden dragon
 53861 | Depths:1 | Killed a golden dragon
 54428 | Depths:1 | Found a one-way gate leading to the halls of Pandemonium.
 54989 | Depths:1 | Found a gateway to Hell.
 55288 | Depths:1 | Found Mot Rupp's Blood Bar.
 55936 | Depths:1 | Found Uremis's Book Shoppe.
 56592 | Depths:2 | You are sucked into a shaft and drop 1 floor!
 56708 | Depths:3 | Received a gift from Trog
 56837 | Depths:3 | Gained mutation: Armour fits poorly on your strangely
                  | shaped body. [a shining eye]
 57144 | Depths:2 | Identified the ring of Meokhy {rPois rCorr Str+2 Int+4}
 57183 | Depths:2 | Paralysed by a floating eye for 4 turns
 57275 | Depths:2 | Noticed a golden dragon
 57286 | Depths:2 | Killed a golden dragon
 57514 | Depths:2 | Gained mutation: You are occasionally teleported next to
                  | monsters. [a neqoxec]
 57517 | Depths:2 | Gained mutation: You are dopey. (Int -2) [a neqoxec]
 57534 | Depths:2 | Lost mutation: Armour fits poorly on your strangely shaped
                  | body. [potion of mutation]
 57534 | Depths:2 | Lost mutation: You are occasionally teleported next to
                  | monsters. [potion of mutation]
 57534 | Depths:2 | Gained mutation: You expend magic power (3 MP) to
                  | strengthen your wands. [potion of mutation]
 57534 | Depths:2 | Gained mutation: You have sharp toenails. [potion of
                  | mutation]
 57534 | Depths:2 | Gained mutation: You are strong-willed. (Will+) [potion of
                  | mutation]
 57535 | Depths:2 | Lost mutation: You expend magic power (3 MP) to strengthen
                  | your wands. [potion of mutation]
 57535 | Depths:2 | Lost mutation: You have sharp toenails. [potion of
                  | mutation]
 57535 | Depths:2 | Lost mutation: You are strong-willed. (Will+) [potion of
                  | mutation]
 57535 | Depths:2 | Gained mutation: You are occasionally teleported next to
                  | monsters. [potion of mutation]
 57535 | Depths:2 | Gained mutation: You are partially covered in iridescent
                  | scales. (AC +2) [potion of mutation]
 57536 | Depths:2 | Lost mutation: You are partially covered in iridescent
                  | scales. (AC +2) [potion of mutation]
 57536 | Depths:2 | Lost mutation: You are dopey. (Int -2) [potion of mutation]
 57536 | Depths:2 | Gained mutation: You are somewhat resistant to further
                  | mutation. [potion of mutation]
 57536 | Depths:2 | Gained mutation: Your spells are a little harder to cast,
                  | but a little more powerful. [potion of mutation]
 57564 | Depths:2 | Lost mutation: Your spells are a little harder to cast, but
                  | a little more powerful. [potion of mutation]
 57564 | Depths:2 | Lost mutation: You are somewhat resistant to further
                  | mutation. [potion of mutation]
 57564 | Depths:2 | Gained mutation: You expend magic power (3 MP) to
                  | strengthen your wands. [potion of mutation]
 57564 | Depths:2 | Gained mutation: You occasionally lose the ability to drink
                  | potions when taking damage. [potion of mutation]
 57564 | Depths:2 | Gained mutation: You have supernaturally acute eyesight.
                  | (SInv) [potion of mutation]
 57564 | Depths:2 | Gained mutation: Your flesh is heat resistant. (rF+)
                  | [potion of mutation]
 57565 | Depths:2 | Lost mutation: You have supernaturally acute eyesight.
                  | (SInv) [potion of mutation]
 57565 | Depths:2 | Lost mutation: You expend magic power (3 MP) to strengthen
                  | your wands. [potion of mutation]
 57565 | Depths:2 | Lost mutation: You are occasionally teleported next to
                  | monsters. [potion of mutation]
 57565 | Depths:2 | Gained mutation: Your spells are a little easier to cast,
                  | but a little less powerful. [potion of mutation]
 57565 | Depths:2 | Lost mutation: You occasionally lose the ability to drink
                  | potions when taking damage. [potion of mutation]
 57565 | Depths:2 | Gained mutation: You are partially covered in iridescent
                  | scales. (AC +2) [potion of mutation]
 58617 | Depths:2 | Found a shimmering altar of Xom.
 58621 | Depths:2 | Found a shimmering altar of Xom.
 58621 | Depths:2 | Found a shimmering altar of Xom.
 58621 | Depths:2 | Found a shimmering altar of Xom.
 58629 | Depths:2 | Found a shimmering altar of Xom.
 58629 | Depths:2 | Found a shimmering altar of Xom.
 58648 | Depths:2 | Found a shimmering altar of Xom.
 59183 | Depths:3 | Noticed Xtahua
 59190 | Depths:3 | Killed Xtahua
 59191 | Depths:3 | Reached XP level 24. HP: 152/152 MP: 12/23
 59416 | Depths:3 | Found a one-way gateway to a ziggurat.
 60342 | Depths:3 | Reached skill level 10 in Evocations
 60443 | Depths:3 | Found a shimmering blue altar of Sif Muna.
 60995 | Depths:3 | Found Itaser's Demolitions Depot.
 61214 | Depths:4 | Entered Level 4 of the Depths
 61389 | Depths:3 | Received a gift from Trog
 62124 | Depths:4 | Noticed a juggernaut
 62137 | Depths:4 | Killed a juggernaut
 63466 | Depths:4 | Found a gate to the Realm of Zot.
 64114 | Lair:1   | Acquired the +10 tower shield of Ignorance {rN+ Int-4}
 64114 | Lair:1   | Found the +10 tower shield of Ignorance {rN+ Int-4}
 64377 | Zot:1    | Entered Level 1 of the Realm of Zot
 65884 | Zot:1    | Received a gift from Trog
 66071 | Zot:1    | Reached XP level 25. HP: 160/160 MP: 4/23
 68195 | Zot:2    | Received a gift from Trog
 70144 | Zot:3    | Found a runed translucent gate.
 70144 | Zot:3    | Found a runed translucent gate.
 70144 | Zot:3    | Found a runed translucent gate.
 70144 | Zot:3    | Noticed Uneer's ghost (legendary GnFE)
 70144 | Zot:3    | Noticed a dread lich
 70144 | Zot:3    | Noticed a dread lich
 70560 | Zot:3    | Received a gift from Trog
 71676 | Zot:3    | Reached XP level 26. HP: 168/168 MP: 1/23
 71701 | Zot:3    | Found a stormy altar of Qazlal.
 73180 | Zot:4    | Identified the +2 leather armour "Isief" {Dex+6}
 73765 | Zot:4    | Received a gift from Trog
 74168 | Zot:5    | Entered Level 5 of the Realm of Zot
 74452 | Zot:5    | Noticed a Killer Klown
 74460 | Zot:5    | Killed a Killer Klown
 75174 | Zot:5    | Noticed an ancient lich
 75184 | Zot:5    | Killed an ancient lich
 75335 | Zot:5    | Noticed an orb of fire
 75445 | Zot:5    | Noticed a Killer Klown
 75458 | Zot:5    | Killed a Killer Klown
 75468 | Zot:5    | Reached skill level 27 in Shields
 75475 | Zot:5    | Noticed a Killer Klown
 75475 | Zot:5    | Noticed a Killer Klown
 75478 | Zot:5    | Noticed an orb of fire
 75489 | Zot:5    | Noticed an orb of fire
 75505 | Zot:5    | Gained mutation: You occasionally lose the ability to drink
                  | potions when taking damage. [an orb of fire]
 75509 | Zot:5    | Gained mutation: A frigid envelope surrounds you and
                  | freezes all who hurt you. [an orb of fire]
 75509 | Zot:5    | Gained mutation: Armour fits poorly on your strangely
                  | shaped body. [an orb of fire]
 75510 | Zot:5    | Killed an orb of fire
 75511 | Zot:5    | Gained mutation: You are vulnerable to cold. (rC-) [an orb
                  | of fire]
 75518 | Zot:5    | Killed an orb of fire
 75677 | Zot:5    | Noticed an orb of fire
 75686 | Zot:5    | Gained mutation: You are weak. (Str -2) [an orb of fire]
 75693 | Zot:5    | Killed an orb of fire
 75709 | Zot:5    | Noticed a Killer Klown
 75709 | Zot:5    | a Killer Klown changed into a dire elephant
 75887 | Zot:5    | Noticed an orb of fire
 75901 | Zot:5    | Killed an orb of fire
 76064 | Zot:5    | Killed a Killer Klown
 76358 | Zot:5    | Killed an orb of fire
 76359 | Zot:5    | Reached XP level 27. HP: 178/178 MP: 3/23
 76783 | Zot:5    | Noticed an orb of fire
 76790 | Zot:5    | Noticed an orb of fire
 76794 | Zot:5    | Gained mutation: Your mind is acute. (Int +4, Str/Dex -1)
                  | [an orb of fire]
 76798 | Zot:5    | Killed an orb of fire
 76802 | Zot:5    | Noticed an orb of fire
 77010 | Zot:5    | Gained mutation: You are robust. (+10% HP) [an orb of fire]
 77018 | Zot:5    | Lost mutation: Armour fits poorly on your strangely shaped
                  | body. [an orb of fire]
 77024 | Zot:5    | Lost mutation: You occasionally lose the ability to drink
                  | potions when taking damage. [an orb of fire]
 77028 | Zot:5    | Killed an orb of fire
 77053 | Zot:5    | Noticed an ancient lich
 77074 | Zot:5    | Killed an ancient lich
 77661 | Zot:5    | Gained mutation: You have hidden genetic defects. [an orb
                  | of fire]
 77663 | Zot:5    | Gained mutation: Your magical capacity is low. (-10% MP)
                  | [an orb of fire]
 77677 | Zot:5    | Killed an orb of fire
 78254 | Zot:5    | Got the Orb of Zot
 78592 | D:9      | Received a gift from Trog
 78787 | D:$      | Escaped with the Orb!

Illustrated notes

Levels and vault maps discovered:
D:1:      wander_arrival_peaceful_grave, layout_loops_ring,
          ebering_ecumenical_altar_petrified, minivault_14,
          serial_park_tiny_pond, hangedman_decor_peaks_small,
          grunt_decor_fettered, item_on_display_a
D:2:      layout_loops_ring, basic_altar, serial_shops, shop, uniq_robin
D:3:      layout_basic, uniq_grinder
D:4:      layout_loops_cross, minmay_temple_entry_proselytizer, serial_glass,
          glass_columns_a, glass_columns_a, glass_columns_b, glass_columns_a,
          glass_columns_b
D:5:      layout_rooms, uniq_blork_the_orc
D:6:      layout_cave_pools, mainiacjoe_overflow_six_doors_small,
          kennysheep_generic_room_15, uniq_eustachio, uniq_prince_ribbit1,
          uniq_menkaure, uniq_edmund
D:7:      layout_basic, mainiacjoe_overflow_big_doors,
          gammafunk_ghost_abyssal_escape, nicolae_grassy_gnolls
D:8:      layout_loops_corners, mainiacjoe_overflow_concentric_impassable,
          serial_glass, glass_columns_a, glass_columns_a, minmay_strange_pillars
D:9:      layout_rooms, jmf_multi_god_temple2, grunt_temple_overflow_open,
          minmay_lair_entry_grove, serial_shops, shop, uniq_gastronok
D:10:     layout_irregular_city, zombieorc1_lemuel, enter_bailey_8, uniq_sonja,
          uniq_grum, uniq_urug
D:11:     layout_irregular_city, uniq_erica
D:12:     layout_layer_cave, kennysheep_generic_room_9, uniq_kirke,
          uniq_maurice, uniq_nessos
D:13:     layout_roguey, erik_vaults_1, nicolae_eternal_life,
          nicolae_qazlal_style_of_elements
D:14:     layout_loops_cross, uniq_jorgrun, uniq_roxanne, uniq_josephine
D:15:     gammafunk_depths_entry_grave, layout_rooms, grunt_gozag_breadcrumbs,
          serial_corexii_hall, corexii_hall_statues_i, corexii_hall_statues_l,
          roderic_serpentine_path, corexii_leaking_fountain, due_unseen_surprise
Lair:1:   layout_gridlike, infiniplex_staircase_pool_2
Lair:2:   layout_gridlike, cheibrodos_lair_caveside_slide
Lair:3:   layout_hall_layers, nicolae_shoals_entry_roost, dummy_spider_entry,
          serial_rivers, chequers_serial_rivers_room_b,
          chequers_serial_rivers_large_b, chequers_serial_rivers_room_b,
          chequers_serial_rivers_room_a, uniq_amaemon
Lair:4:   layout_regular_city, slime_entry_1, gauntlet_entry_generic,
          kilobyte_rumbling_trees, grunt_megastairs_1
Lair:5:   guppyfry_lair_end_dragon, layout_hall_layers, wormcave,
          gammafunk_ghost_wrathful_warriors
Shoals:1: layout_shoals, nicolae_shoals_loop_pool, uniq_frances
Shoals:2: layout_shoals, serial_shops, shop
Shoals:3: layout_shoals
Shoals:4: shoals_end_grunt_ice, layout_shoals, uniq_polyphemus
Spider:1: nicolae_spider_hilbert_zone_5 [nicolae_spider_hilbert_3_sides_1_open,
          nicolae_spider_hilbert_4_sides_1_open,
          nicolae_spider_hilbert_4_sides_1_open,
          nicolae_spider_hilbert_6_sides_1_open,
          nicolae_spider_hilbert_6_sides_1_open], uniq_agnes, uniq_asterion
Spider:2: nicolae_spider_brood_tunnel
Spider:3: layout_spider_delve, uniq_arachne
Spider:4: hellmonk_spider_rune_bug_friends, uniq_louise
Orc:1:    layout_caves, serial_shops, shop, portal_ice_cave_entry_pillars_2
Orc:2:    st_orc_pillars, layout_caves, serial_shops,
          nicolae_shop_real_fake_doors, abandoned_shop, uniq_saint_roka
Vaults:1: v_rooms_4, v_alt_pattern_4, nicolae_vaults_stairing_the_circle,
          ontoclasm_vaults_tryst, nicolae_vaults_sealed_display,
          vaults_mumra_hex, hangedman_vaults_stretched_pinwheel, v_misc_17,
          nicolae_vaults_little_squares_5,
          nicolae_vaults_you_can_take_it_with_you,
          nicolae_vaults_closet_pinwheel_6, layout_vaults_big_room
Vaults:2: nicolae_vaults_specimen_jars, v_alt_pattern_3,
          minmay_crypt_entry_simple_corners,
          nicolae_vaults_trapezoid_lopsided_3, nicolae_vaults_what_the_h,
          layout_vaults_omnigrid, serial_shops, shop
Vaults:3: vaults_dpeg_diagonal, grunt_vaults_funnel, nicolae_vaults_tangram_1,
          nicolae_vaults_little_ls, vaults_dpeg_encased_lava, st_lattice,
          nicolae_vaults_cornered_office, v_misc_12, vaults_room_door_ring,
          vaults_mumra_chevron, nicolae_vaults_rhombus_7,
          nicolae_vaults_trapezoid_2, layout_vaults_big_cross, serial_shops,
          nicolae_shop_window_shopping, uniq_margery, uniq_frederick, uniq_mara
Vaults:4: nicolae_vaults_big_ls, dpeg_vaults_monster_box,
          nicolae_vaults_triangles, nicolae_vaults_mush_room,
          vaults_room_large_hall, vaults_room_boxed,
          nicolae_vaults_heart-shaped_vault, grunt_vaults_twisty,
          nicolae_vaults_trapezoid_lopsided_4, nicolae_vaults_tangram_2,
          ontoclasm_vaults_misaligned, grunt_vaults_hallway_short,
          layout_vaults_ring
Vaults:5
Depths:1: layout_cave_shapes, rand_demon_pan_entry_7, serial_shops, shop,
          kennysheep_cross_landing, hangedman_geh_valley, guppyfry_shop_blood
Depths:2: minmay_the_grid_net [minmay_the_grid_garden, minmay_the_grid_airy,
          minmay_the_grid_artifice, minmay_the_grid_embedded,
          minmay_the_grid_expand, minmay_the_grid_prize_shrinking_boxes],
          layout_gridlike, rand_demon_pan_entry_3, nicolae_xom_altar_mimics,
          hell_entry
Depths:3: minmay_crystal_thing, layout_honeycomb, enter_ziggurat_c,
          grunt_decor_mini_mirrors, hell_entry, abyss_entry,
          serial_sigils_hangedman_confine, nicolae_blasting_shop,
          minmay_misc_feat_pillars, uniq_xtahua, uniq_josephina
Depths:4: grunt_zot_entry_hairpin, layout_twisted_cross, minmay_splitting_lines,
          hell_entry, reono_crystal_passage
Zot:1:    infiniplex_zot_generator, layout_misc_corridors
Zot:2:    layout_gridlike, zot_minivault_1
Zot:3:    hangedman_orp_of_zott, layout_onion, gammafunk_ghost_necromancy
Zot:4:    layout_gridlike, hangedman_elemental_corridor, grunt_megastairs_4
Zot:5:    layout_gridlike, drop_trap, st_stairs_8

Skill      XL: |  1  2  3  4  5  6  7  8  9 10 11 12 13 14 15 16 17 18 19 20 21 22 23 24 25 26 27 |
---------------+----------------------------------------------------------------------------------+-----
Fighting       | 4 5 6 7 8 9 10 12 13 14 16 18 19 21 | 21.4
Maces & Flails | 4 6 8 10 13 14 15 17 18 20 21 24 26 27 | 27.0
Armour         | 8 10 12 14 16 18 | 18.0
Shields        | 3 8 12 14 16 20 21 24 27 | 27.0
Dodging        | 2 4 8 11 12 | 12.0
Evocations     | 3 8 12 | 12.7

Action                     |  1- 3 |  4- 6 |  7- 9 | 10-12 | 13-15 | 16-18 | 19-21 | 22-24 | 25-27 || total
---------------------------+-------+-------+-------+-------+-------+-------+-------+-------+-------++-------
  Melee: Mace              |    96 |   135 |       |       |       |       |       |       |       ||   231
         Punch             |       |     2 |       |       |       |       |       |       |       ||     2
         Flail             |       |    24 |   397 |   482 |       |       |       |       |       ||   903
         Dagger            |       |       |    11 |       |       |       |       |       |       ||    11
         Morningstar       |       |       |       |   396 |   207 |       |       |       |       ||   603
         Demon whip        |       |       |       |       |   664 |  1250 |   940 |  1496 |  1384 ||  5734
 Invoke: Berserk           |       |     3 |     7 |     6 |     5 |     2 |     3 |     3 |     6 ||    35
         Trog's Hand       |       |       |       |     1 |     1 |       |       |     2 |     3 ||     7
         Brothers in Arms  |       |       |       |       |       |       |     3 |       |     3 ||     6
  Evoke: Wand              |       |       |    14 |     5 |       |    55 |     7 |    11 |     3 ||    95
         Lightning rod     |       |       |       |       |       |     3 |       |       |     5 ||     8
         Phantom mirror    |       |       |       |       |       |     1 |       |       |     2 ||     3
         Tin of tremorston |       |       |       |       |       |     2 |       |       |     3 ||     5
    Use: Scroll            |       |     1 |       |     6 |    32 |    14 |    13 |    13 |    16 ||    95
         Potion            |       |       |       |     1 |       |     4 |     4 |    12 |    14 ||    35
   Stab: Sleeping          |     2 |     1 |       |       |       |       |       |       |       ||     3
         Paralysed         |       |       |    10 |     9 |       |     9 |     1 |       |       ||    29
         Distracted        |       |       |       |       |     9 |     5 |     2 |       |     2 ||    18
         Petrified         |       |       |       |       |       |     5 |       |       |       ||     5
 Armour: Animal skin       |    41 |    56 |   158 |       |       |       |       |       |       ||   255
         Plate armour      |       |       |   104 |   519 |   253 |       |       |       |       ||   876
         Gold dragon scale |       |       |       |       |   126 |   570 |   443 |   474 |   406 ||  2019
  Dodge: Dodged            |    66 |   112 |   135 |   278 |   173 |   145 |   160 |   228 |   183 ||  1480
  Block: Buckler           |       |       |    35 |   180 |    86 |       |       |       |       ||   301
         Kite shield       |       |       |       |       |   128 |       |       |       |       ||   128
         Tower shield      |       |       |       |       |    31 |  1213 |   813 |  1072 |  1294 ||  4423
         Reflection        |       |       |       |       |     8 |    62 |    39 |    21 |    19 ||   149
